 Dungeon Crawl Stone Soup version 0.30-a0-465-g8901f6c8b5 (webtiles) character file.

Game seed: 4719831736075773998

22 cforsyth the Cudgeller (level 2, 0/25 HPs)
             Began as an Armataur Gladiator on Dec 19, 2022.
             Slain by Sigmund
             ... wielding a +0 scythe
              (1 damage)
             ... on level 2 of the Dungeon.
             The game lasted 00:01:33 (463 turns).

cforsyth the Cudgeller (Armataur Gladiator)          Turns: 463, Time: 00:01:34

Health: 0/25       AC:  5    Str: 19    XL:     2   Next: 68%
Magic:  2/2        EV:  8    Int:  8    God:
Gold:   50         SH:  6    Dex: 11    Spells: 1/1 levels left

rFire   . . .      SeeInvis .    a - +0 flail
rCold   . . .      Faith    .    f - +0 kite shield
rNeg    . . .      Spirit   .    b - +0 leather armour
rPois   .          Reflect  .    c - +0 helmet
rElec   .          Harm     .    (no cloak)
rCorr   .          Roll     +    (no gloves)
Will    .....                    (no barding)
Stlth   +.........               (no amulet)
HPRegen 0.24/turn                (no ring)
MPRegen 0.08/turn                (no ring)

@: no status effects
A: large, rugged brown scales 3, deformed body, armoured tail, roll, long
tongue, awkward tongue
a: no special abilities


You were on level 2 of the Dungeon.
You visited 1 branch of the dungeon, and saw 2 of its levels.

You collected 50 gold pieces.

Inventory:

Hand Weapons
 a - a +0 flail (weapon)
Missiles
 d - 3 throwing nets (quivered)
 e - a javelin
Armour
 b - a +0 leather armour (worn)
 c - a +0 helmet (worn)
 f - a +0 kite shield (worn)
Scrolls
 i - a scroll of silence {unknown}
 j - a scroll of identify {unknown}
Potions
 h - a potion of curing {unknown}


   Skills:
 + Level 2.1 Fighting
 + Level 2.9 Maces & Flails
 + Level 2.1 Throwing
 + Level 1.1 Armour
 - Level 2.1 Dodging
 + Level 0.7 Shields


You had one spell level left.
You didn't know any spells.
Your spell library contained the following spells:

 Spells                   Type           Power      Damage    Failure   Level
 Animate Armour           Summ/Erth      0%         N/A       100%        4
 Blade Hands              Tmut           0%         N/A       100%        5
 Iron Shot                Conj/Erth      0%         9d1       100%        6


Dungeon Overview and Level Annotations

Branches:
Dungeon (2/15)

Altars:

Shops:
D:1 *

Annotations:
D:2 Sigmund


Innate Abilities, Weirdness & Mutations

You are completely covered in rugged brown scales. (AC +3, +7% HP)
Armour fits poorly on your strangely shaped body.
You have a long armoured tail.
You roll when moving toward enemies. (Rampage)
Your long tongue fully drains potion bottles. (2x potion effects)
Your tongue gives you trouble enunciating. (1.5x scroll delay)


Message History

The magic dart hits you.
You are too injured to fight recklessly!
You are too injured to fight recklessly!
You are too injured to fight recklessly!
You are too injured to fight recklessly!
You are too injured to fight recklessly!
You closely miss Sigmund. Sigmund hits you with a +0 scythe!
You sock Sigmund!
Sigmund is moderately wounded.
Sigmund points at you and mumbles some strange words.
You are confused.
Sigmund mumbles some strange words.
Sigmund flickers and vanishes!
Deactivating autopickup; reactivate with Ctrl-A.
You hear some strange, mumbled words.
A magic dart appears from out of thin air!
The magic dart hits you!
* * * LOW HITPOINT WARNING * * *
Unknown command.
Unknown command.
You slurp down every last drop of the ruby potion!
It was a potion of heal wounds.
You feel much better. Something hits you. Something hits you.
Found a hand axe.
Something hits you but does no damage.
You feel less confused. Something hits you!
You hit something. You tail-slap something! Something hits you.
You closely miss something.
Your tail-slap misses something.
Something hits you.
You closely miss something.
Your tail-slap misses something.
Something hits you but does no damage.
You closely miss something. You closely miss something.
Your tail-slap misses something.
Something hits you.
* * * LOW HITPOINT WARNING * * *
You closely miss something.
Your tail-slap misses something.
Something hits you!
* * * LOW HITPOINT WARNING * * *
You miss something. Something hits you.
You die...

. .... #. ..#.### .#
#.###. ... .# ...#.
#.# )#####
#.#.##.###.....#
#...#..........#
#.....{........#
#.####.##...@......##
#......<.............
#########.###########
#.# ..# .... .....
....... ...


There were no monsters in sight!

Vanquished Creatures
  A dart slug (D:1)
  A bat (D:1)
  4 endoplasms (D:1)
  3 giant cockroaches (D:1)
  A goblin (D:1)
  A hobgoblin (D:1)
  A quokka (D:1)
  2 ball pythons (D:1)
  A frilled lizard (D:1)
  3 rats (D:1)
18 creatures vanquished.

Notes
Turn   | Place    | Note
-------+----------+-------------------------------------------
     0 | D:1      | cforsyth the Armataur Gladiator began the quest for the
                  | Orb.
     0 | D:1      | Reached XP level 1. HP: 18/18 MP: 1/1
    94 | D:1      | Found Wiuqusek's Assorted Antiques.
   118 | D:1      | Reached XP level 2. HP: 22/25 MP: 2/2
   193 | D:1      | Found a faded altar of an unknown god.
   287 | D:1      | Reached skill level 1 in Armour
   441 | D:2      | Noticed Sigmund
   462 | D:2      | HP: 1/25 [something (7)]
   463 | D:2      | Slain by Sigmund

Illustrated notes

Levels and vault maps discovered:
D:1:      tarquinn_simple_flora_water_e, layout_rooms,
          ebering_ecumenical_altar_abandoned, serial_shops,
          nicolae_shop_waterfront
D:2:      cheibrodos_fertilizer, layout_basic, basic_altar, serial_shops, shop,
          uniq_crazy_yiuf_cottage, uniq_sigmund, uniq_robin

Skill      XL: |  1  2 |
---------------+-------+-----
Fighting       | 2 |  2.1
Throwing       | 2 |  2.1
Armour         | 1 |  1.1
Maces & Flails | |  2.9
Dodging        | |  2.1
Shields        | |  0.7

Action                   || total
-------------------------++-------
Melee: Flail             ||    47
       Tailslap          ||     7
  Use: Potion            ||     1
Armor: Leather armour    ||    14
Dodge: Dodged            ||    15
Block: Kite shield       ||     9

Table legend: (Time is in decaauts)
 A = Elapsed time spent in this place.
 B = Non-inter-level travel time spent in this place.
 C = Inter-level travel time spent in this place.
 D = Time resting spent in this place.
 E = Time spent auto-exploring this place.
 F = Levels seen in this place.
 G = Mean time per level.
                   A        B        C        D        E       F      G
               +--------+--------+--------+--------+--------+-----+--------+
         Total |    480 |    459 |     21 |      0 |    299 |   2 |  240.0 |
       Dungeon |    480 |    459 |     21 |      0 |    299 |   2 |  240.0 |
               +--------+--------+--------+--------+--------+-----+--------+

Top non-repeatable levels by time:
     D:1: 454 daAuts
     D:2: 26 daAuts
